 Dungeon Crawl Stone Soup version 0.19-a0-1827-g174f941 (webtiles) character file.

27721 Theye the Basher (level 13, -2/138 HPs)
             Began as a Deep Dwarf Fighter on Oct 7, 2016.
             Was the Champion of Makhleb.
             Slain by a bone dragon (8 damage)
             ... on level 1 of the Abyss.
             The game lasted 00:35:15 (12591 turns).

Theye the Basher (Deep Dwarf Fighter)              Turns: 12591, Time: 00:35:16

Health: -2/138     AC: 26    Str: 17 (20) XL:     13   Next: 5%
Magic:  14/14      EV:  2    Int: 10 (13) God:    Makhleb [******]
Gold:   76         SH:  9    Dex: 11 (12) Spells: 0 memorised, 12 levels left

rFire  . . .     SeeInvis .     u - +2 morningstar (crush)
rCold  + . .     Gourm    .     (armour currently unavailable)
rNeg   + + +     Faith    .     B - +0 buckler
rPois  +         Spirit   .     (helmet currently unavailable)
rElec  .         Dismiss  .     (cloak currently unavailable)
rCorr  .         Reflect  +     (gloves currently unavailable)
MR     +++..     Harm     .     (boots currently unavailable)
Stlth  +......... NoTele   +    a - +3 amulet of reflection
                                t - ring of protection from cold
                                D - ring of the Mage {Wiz MR++ Int+3}

@: tree-form, very slightly contaminated, non-regenerating
A: damage resistance, recharge devices, clumsy 2, frail 2, sense surroundings 2,
slow regeneration 3
a: Device Recharging, Minor Destruction, Lesser Servant of Makhleb, Major
Destruction, Greater Servant of Makhleb, Renounce Religion


You were on level 1 of the Abyss.
You worshipped Makhleb.
Makhleb was exalted by your worship.
You were full.
You were a tree.
You visited 2 branches of the dungeon, and saw 13 of its levels.
You visited the Abyss 1 time.
You also visited: Ice Cave.

You collected 863 gold pieces.
You spent 787 gold pieces at shops.

Inventory:

Hand Weapons
 u - a +2 morningstar of crushing (weapon)
 A - a +1 vampiric mace
 C - the -4 mace of Variability {chaos}
   (You found it on level 11 of the Dungeon)

   Each time it hits an enemy it has a different, random effect.
 F - the +6 scimitar of Wifredah {flame, Str-5 Int+7}
   (You found it in an ice cave)

   It has been specially enchanted to burn those struck by it, causing extra
   injury to most foes and up to half again as much damage against particularly
   susceptible opponents.
   Big, fiery blades are also staple armaments of hydra-hunters.
   It affects your strength (-5).
   It affects your intelligence (+7).
Missiles
 b - 77 arrows
Armour
 c - a +4 plate armour of cold resistance (melded)
 h - a +2 chain mail of poison resistance
 i - a +2 cloak (melded)
 m - a +1 pair of boots (melded)
 w - the +3 hat of Pondering {ponderous, MR+ MP+10 Int+5}
   (You took it off Gastronok on level 8 of the Dungeon)

   It affects your intelligence (+5).
   It affects your resistance to hostile enchantments.
   It affects your magic capacity (+10).
 B - a +0 buckler (worn)
 K - the cursed +0 pair of gloves of Lotaih (melded) {rC- Dex+5}
   (You bought it in a shop on level 11 of the Dungeon)

   It affects your dexterity (+5).
   It makes you vulnerable to cold.
   It has a curse placed upon it.
Jewellery
 a - a +3 amulet of reflection (around neck)
 d - an uncursed ring of see invisible {unknown}
 t - a ring of protection from cold (right branch)
 y - an uncursed amulet of guardian spirit {unknown}
 D - the ring of the Mage (left branch) {Wiz MR++ Int+3}
   (You found it on level 7 of the Dungeon)

   [ring of wizardry]

   It improves your spell success rate.
   It affects your intelligence (+3).
   It affects your resistance to hostile enchantments.
 E - an uncursed ring of ice {unknown}
 H - an uncursed ring of ice {unknown}
 P - an uncursed amulet of harm {unknown}
Wands
 e - a wand of heal wounds (0/9)
 v - a wand of disintegration (3/24)
 G - a wand of hasting (0/9)
 L - a wand of digging (3/24)
 N - a wand of digging (11/24)
Scrolls
 k - 2 scrolls of random uselessness
 o - 2 scrolls of blinking
 r - 2 scrolls of remove curse
 I - a scroll of enchant armour
Potions
 g - a potion of magic
 p - a potion of flight
 q - 4 potions of curing
 s - a potion of brilliance
 J - 2 potions of lignification
Books
 O - Sif Muna's Papyrus of Calling
   (You found it on level 8 of the Dungeon)

   Spells                             Type                      Level
   a - Summon Small Mammal            Summoning                    1
Comestibles
 f - 10 bread rations
 j - 6 beef jerkies
 M - a slice of pizza


   Skills:
 + Level 7.2 Fighting
 - Level 7.7 Long Blades
 + Level 14.7 Maces & Flails
 + Level 10.0 Armour
 + Level 4.8 Dodging
 + Level 9.2 Shields
 + Level 0.3 Invocations
 + Level 1.6 Evocations


You had 12 spell levels left.
You didn't know any spells.

Dungeon Overview and Level Annotations

Branches:
Dungeon (12/15)            Temple (1/1) D:6            Lair (0/6) D:11
    Orc: D:9-12

Altars:
Ashenzari
Cheibriados
Dithmenos
Elyvilon
Fedhas
Gozag
Hepliaklqana
Kikubaaqudgha
Makhleb
Nemelex Xobeh
Okawaru
Qazlal
Ru
Sif Muna
Trog
Uskayaw
Vehumet
Xom
Zin
The Shining One
Lugonu

Shops:
D:5 (!*[[   D:11 }[?![

Annotations:
D:8 3 exclusions


Innate Abilities, Weirdness & Mutations

You are resistant to damage.
You can recharge devices by infusing magical energy.
You passively map the area around you.
You do not regenerate.
[You are very clumsy. (Dex -4)]
[You are very frail. (-20% HP)]


Message History

You hit the bone dragon but do no damage.
You hit the bone dragon but do no damage.
The bone dragon bites you.
* * * LOW HITPOINT WARNING * * *
The bone dragon claws you but does no damage.
The bone dragon tramples you.
Unknown command.
You hit the bone dragon but do no damage.
You block the bone dragon's attack.
The bone dragon claws you but does no damage.
The bone dragon tramples you but does no damage.
Unknown command.
You barely miss the bone dragon. The bone dragon bites you!
* * * LOW HITPOINT WARNING * * *
The bone dragon claws you!
* * * LOW HITPOINT WARNING * * *
The bone dragon completely misses you.
You hit the bone dragon but do no damage.
You barely miss the bone dragon. The bone dragon bites you!
You die...

#.#
.##..#.#.#....##
. #..# ##...
......# #. .
....##.#.#.## .#
.. . ...#..###
###.#..#. #
#....$# # . .x#
# #....#.#.#.# #
..... . .
#....#..x##..#
### ##x
.##...#D####..#
. #. . #.
.###.♣.# ## .##
# ### #..##..# .
. # . #.# ....#
. .## . .. ....#
### ##.## ##


You could see a bone dragon and a small abomination.

Vanquished Creatures
  Gastronok (D:8)
  A frost giant (IceCv)
  2 death yaks (IceCv)
  3 hill giants
  2 manticores (D:10)
  A gargoyle (D:10)
  2 smoke demons (Abyss:1)
  A centaur skeleton (D:9)
  An ice statue (IceCv)
  Psyche (D:8)
  3 trolls
  Grinder (D:4)
  13 polar bears (IceCv)
  2 two-headed ogres
  4 hippogriffs
  Sigmund (D:2)
  A wyvern (D:7)
  28 yaks
  2 chaos spawn (D:10)
  A hungry ghost (D:10)
  Grum (D:9)
  A large abomination (Abyss:1)
  2 black bears
  17 ice beasts
  2 sky beasts
  A necrophage (D:4)
  6 orc warriors
  3 phantoms
  27 wolves
  3 ogres
  4 crocodiles
  6 centaurs
  3 bullfrogs
  A gnoll sergeant (D:9)
  6 scorpions
  3 wights (D:10)
  10 killer bees (D:10)
  7 howler monkeys
  5 electric eels
  4 crimson imps
  2 centaur zombies
  A quasit (Abyss:1)
  7 hounds
  3 jellies
  Crazy Yiuf (D:3)
  11 orc priests
  A gnoll shaman (D:6)
  An iguana (D:6)
  17 orc wizards
  2 bullfrog skeletons
  10 worker ants
  2 killer bee zombies
  A hound skeleton (D:7)
  12 gnolls
  14 adders
  3 river rats (D:11)
  5 shadow imps
  3 white imps
  4 ufetubi (D:8)
  An ooze (D:2)
  2 adder skeletons
  2 adder zombies
  2 worms (D:2)
  3 dart slugs
  13 leopard geckos
  47 orcs
  5 giant cockroaches
  8 goblins
  5 hobgoblins
  6 jackals
  9 quokkas
  4 ball pythons
  20 bats
  13 frilled lizards
  9 kobolds
  A leopard gecko zombie (D:7)
  A quokka zombie (D:8)
  17 rats
451 creatures vanquished.

Vanquished Creatures (others)
  A cyclops (D:11)
  A centaur (D:11)
  The ghost of Charly the Sneak, a weakling SpEn (D:5)
  A white imp (D:8)
  An ufetubus (D:8)
  3 fungi (D:11)
  7 plants (D:8)
  7 starspawn tentacles (Abyss:1)
22 creatures vanquished.

Grand Total: 473 creatures vanquished

Notes
Turn   | Place    | Note
-------+----------+-------------------------------------------
     0 | D:1      | Theye the Deep Dwarf Fighter began the quest for the Orb.
     0 | D:1      | Reached XP level 1. HP: 20/20 MP: 1/1
   135 | D:1      | Reached XP level 2. HP: 21/27 MP: 2/2
   868 | D:2      | Reached XP level 3. HP: 23/33 MP: 3/3
   984 | D:2      | Found a white marble altar of Elyvilon.
  1020 | D:2      | Found an opulent altar of Gozag.
  1186 | D:2      | Reached XP level 4. HP: 26/40 MP: 4/4
  1276 | D:2      | Noticed Sigmund
  1283 | D:2      | Killed Sigmund
  1283 | D:2      | Reached skill level 1 in Dodging
  1283 | D:2      | Reached XP level 5. HP: 28/49 MP: 5/5
  1580 | D:3      | Found a runed door.
  1946 | D:3      | Reached XP level 6. HP: 50/56 MP: 6/6
  2286 | D:3      | Reached skill level 5 in Long Blades
  2315 | D:3      | Noticed Crazy Yiuf
  2327 | D:3      | Killed Crazy Yiuf
  2709 | D:4      | Noticed Grinder
  2723 | D:4      | Paralysed by Grinder for 3 turns
  2729 | D:4      | Paralysed by Grinder for 6 turns
  2740 | D:4      | Killed Grinder
  2740 | D:4      | Reached XP level 7. HP: 31/62 MP: 7/7
  3211 | D:5      | Entered Level 5 of the Dungeon
  3214 | D:5      | Killed Charly's ghost
  3223 | D:5      | Found Juub's Armour Shop.
  3226 | D:5      | Bought a +2 chain mail of poison resistance for 203 gold pieces
  3248 | D:5      | Found Doepoej's Antique Armour Shoppe.
  3395 | D:5      | Reached skill level 5 in Armour
  3456 | D:5      | Reached XP level 8. HP: 33/69 MP: 8/8
  3473 | D:5      | Found Calimnio's Assorted Antiques.
  3492 | D:5      | Reached skill level 5 in Shields
  3601 | D:5      | Found Ubiusipn's Antique Weapon Emporium.
  3868 | D:5      | Bought a +0 buckler for 49 gold pieces
  3893 | D:5      | Found Hiuwkead's Distillery.
  3978 | D:5      | Found an iron altar of Okawaru.
  4086 | D:5      | Found a stormy altar of Qazlal.
  4161 | D:6      | Reached skill level 1 in Maces & Flails
  4179 | D:6      | Found a staircase to the Ecumenical Temple.
  4222 | D:6      | Reached skill level 2 in Maces & Flails
  4233 | Temple   | Entered the Ecumenical Temple
  4251 | Temple   | Became a worshipper of Makhleb the Destroyer
  4455 | D:6      | Reached skill level 3 in Maces & Flails
  4605 | D:6      | Reached skill level 4 in Maces & Flails
  5038 | D:6      | Gained mutation: You passively map the area around you. [Deep Dwarf growth]
  5038 | D:6      | Reached XP level 9. HP: 39/78 MP: 9/9
  5051 | D:7      | Reached skill level 5 in Maces & Flails
  5063 | D:7      | Reached * piety under Makhleb
  5270 | D:7      | Found a shadowy altar of Dithmenos.
  5275 | D:7      | Found a snail-covered altar of Cheibriados.
  5379 | D:7      | Reached skill level 6 in Maces & Flails
  5869 | D:7      | Reached skill level 7 in Maces & Flails
  6126 | D:8      | Reached ** piety under Makhleb
  6300 | D:8      | Noticed Psyche
  6321 | D:8      | Killed Psyche
  6375 | D:8      | Found a shimmering altar of Xom.
  6520 | D:8      | Noticed Gastronok
  6538 | D:8      | Reached skill level 8 in Maces & Flails
  6702 | D:8      | Killed Gastronok
  6702 | D:8      | Reached skill level 5 in Fighting
  6702 | D:8      | Reached skill level 9 in Maces & Flails
  6702 | D:8      | Reached skill level 1 in Evocations
  6702 | D:8      | Reached XP level 10. HP: 28/88 MP: 10/10
  7101 | D:8      | Found a deep blue altar of Sif Muna.
  7152 | D:8      | Identified Sif Muna's Papyrus of Calling
  7164 | D:8      | Found an ancient bone altar of Kikubaaqudgha.
  7174 | D:8      | Found a radiant altar of Vehumet.
  7303 | D:8      | Reached *** piety under Makhleb
  7568 | D:9      | Noticed Grum
  7657 | D:8      | Reached skill level 10 in Maces & Flails
  7886 | D:9      | Found Okammun's Weapon Boutique.
  7994 | D:9      | Found a sparkling altar of Nemelex Xobeh.
  8139 | D:9      | Killed Grum
  8349 | D:9      | Reached XP level 11. HP: 86/97 MP: 12/12
  8661 | D:9      | Found a blossoming altar of Fedhas.
  8661 | D:9      | Found a sacrificial altar of Ru.
  8662 | D:9      | Found a hazy altar of Hepliaklqana.
  9057 | D:10     | Entered Level 10 of the Dungeon
  9123 | D:10     | Reached **** piety under Makhleb
  9192 | D:10     | Reached skill level 11 in Maces & Flails
  9758 | D:10     | Reached skill level 12 in Maces & Flails
 10185 | D:11     | Found Hoah Jat's Armour Emporium.
 10185 | D:11     | Noticed a hill giant
 10197 | D:10     | Killed a hill giant
 10200 | D:11     | Noticed a hill giant
 10218 | D:10     | Reached ***** piety under Makhleb
 10229 | D:11     | Noticed a hill giant
 10316 | D:11     | Found a frozen archway.
 10326 | IceCv    | Entered an ice cave
 10367 | IceCv    | Reached XP level 12. HP: 80/105 MP: 13/13
 10549 | IceCv    | Reached skill level 13 in Maces & Flails
 10762 | IceCv    | Noticed a death yak
 10776 | IceCv    | Killed a death yak
 10998 | IceCv    | Noticed a frost giant
 10998 | IceCv    | Noticed a death yak
 11006 | IceCv    | Killed a death yak
 11010 | IceCv    | Reached skill level 14 in Maces & Flails
 11016 | IceCv    | Killed a frost giant
 11070 | IceCv    | Got a pitted scimitar
 11087 | IceCv    | Identified the +6 scimitar of Wifredah {flame, Str-5 Int+7} (You found it in an ice cave)
 11166 | D:11     | Found Leamm's Antique Armour Shoppe.
 11222 | D:11     | Bought an ichor-stained ring mail for 270 gold pieces
 11232 | D:11     | Identified the +1 ring mail of Seaclu {rF+} (You bought it in a shop on level 11 of the Dungeon)
 11357 | D:11     | Found a shimmering altar of Xom.
 11430 | D:11     | Found Keusei's Gadget Shop.
 11432 | D:11     | Bought the cursed +0 pair of gloves of Lotaih {rC- Dex+5} for 180 gold pieces
 11624 | D:11     | Found Tunny's Distillery.
 11630 | D:11     | Found Roemoss's Magic Scroll Shoppe.
 11632 | D:11     | Bought a potion of heal wounds for 85 gold pieces
 11657 | D:11     | Reached ****** piety under Makhleb
 11661 | D:11     | Found a staircase to the Lair.
 11826 | D:11     | Reached XP level 13. HP: 106/115 MP: 14/14
 12082 | D:12     | Cast into level 1 of the Abyss (gargoyle)
 12082 | Abyss:1  | Found a corrupted altar of Lugonu.
 12144 | Abyss:1  | Noticed an ironheart preserver
 12147 | Abyss:1  | Noticed an ironheart preserver
 12152 | Abyss:1  | Noticed a deep elf elementalist
 12153 | Abyss:1  | Noticed an ironheart preserver
 12266 | Abyss:1  | Reached skill level 10 in Armour
 12368 | Abyss:1  | Noticed a blizzard demon
 12385 | Abyss:1  | Noticed a bone dragon
 12455 | Abyss:1  | Noticed a starcursed mass
 12473 | Abyss:1  | Noticed a tentacled starspawn
 12489 | Abyss:1  | Noticed a tentacled starspawn
 12589 | Abyss:1  | HP: 6/138 [bone dragon (3)]
 12591 | Abyss:1  | Slain by a bone dragon

Vault maps used:
D:1:      dpeg_arrival_more_subterranean_lakeside_camping
D:2:      nicolae_gozag_cash_rules_everything_around_me, lemuel_doored_altar,
          first_bread, minmay_small_reverse_x, uniq_sigmund
D:3:      uniq_crazy_yiuf_cottage
D:4:      uniq_grinder
D:5:      nicolae_qazlal_eye_of_the_storm, serial_shops,
          nicolae_shop_behind_doors, nicolae_shop_behind_doors, shop,
          kennysheep_mini_moat, nicolae_shop_statue_plus,
          minmay_misc_feat_ornament, amethyst_killhole, okawaru_metal_pillars_3
D:6:      minivault_24
D:7:      grunt_dithmenos_smoke, overflow_temple_1_default
D:8:      palyth_temple_overflow_mages, lemuel_coloured_pillars_altar,
          serial_ice, serial_ice_k, serial_ice_f, serial_ice_g, serial_ice_b,
          minmay_lizard_king, uniq_gastronok, uniq_psyche
D:9:      lemuel_crystal_altar, gammafunk_temple_overflow_claw, serial_shops,
          shop, grunt_ogre_cave, uniq_grum
D:10:     minmay_twisted_water, minmay_misc_feat_enclosed
D:11:     giant_chief_lemuel, grunt_lair_entry_orc_guard_hut,
          portal_ice_cave_entry_pillars_1, serial_shops,
          nicolae_shop_statue_plus, shop, shop, shop_fountains, shop,
          minmay_guarded_unrand_variability
D:12:     orc_0_dummy, nrook_loot_triangle
Temple:   corrupted_temple
IceCv:    ice_cave_caverns_02

Skill      XL: |  1  2  3  4  5  6  7  8  9 10 11 12 13 |
---------------+----------------------------------------+-----
Long Blades    | 3 4 6 7 |  7.7
Fighting       | 3 4 5 6 7 |  7.2
Armour         | 4 5 7 9 10 | 10.0
Dodging        | 1 2 3 4 |  4.8
Shields        | 4 5 6 7 8 9 |  9.2
Maces & Flails | 4 9 10 12 14 | 14.7
Evocations     | 1 |  1.6
Invocations    | |  0.3

Action                   |  1- 3 |  4- 6 |  7- 9 | 10-12 | 13-15 || total
-------------------------+-------+-------+-------+-------+-------++-------
Melee: Long sword        |   135 |   196 |   131 |       |       ||   462
       Mace              |       |       |   715 |   677 |       ||  1392
       Morningstar       |       |       |       |   808 |    57 ||   865
       Great mace        |       |       |       |    33 |       ||    33
Invok: Major Destruction |       |       |       |       |     1 ||     1
Evoke: Wand              |       |     3 |    16 |    13 |     3 ||    35
  Use: Potion            |       |     1 |     5 |     4 |     8 ||    18
       Scroll            |       |     4 |     9 |    15 |     7 ||    35
 Stab: Invisible         |       |       |       |     7 |       ||     7
  Eat: Chunk             |       |     6 |    10 |     6 |       ||    22
       Meat ration       |       |       |     1 |     3 |     2 ||     6
       Beef jerky        |       |       |     1 |       |       ||     1
Armor: Scale mail        |    87 |    70 |     9 |       |       ||   166
       Chain mail        |       |       |   550 |   839 |       ||  1389
       Plate armour      |       |       |       |   125 |    64 ||   189
       Skin              |       |       |       |       |     8 ||     8
Dodge: Dodged            |    48 |    51 |   348 |   676 |    28 ||  1151
Block: Shield            |   108 |    67 |    75 |       |       ||   250
       Buckler           |       |       |   219 |   558 |    40 ||   817
       Reflection        |       |       |       |     8 |     3 ||    11
       Other             |       |       |       |     4 |       ||     4
       Rpst.: Long sword |    16 |    14 |    15 |       |       ||    45
